 Dungeon Crawl Stone Soup version 0.24-a0-446-g87df7205b4 (webtiles) character file.

Game seed: 7761401345528984643

768 Gynju the Skirmisher (level 7, -1/56 HPs)
             Began as a Demonspawn Fighter on June 24, 2019.
             Slain by an orc warrior
             ... wielding a +0 long sword
              (15 damage)
             ... on level 7 of the Dungeon.
             The game lasted 00:07:57 (3814 turns).

Gynju the Skirmisher (Demonspawn Fighter)           Turns: 3814, Time: 00:07:58

Health: -1/56      AC: 10    Str: 17    XL:     7   Next: 52%
Magic:  7/7        EV:  9    Int:  9    God:
Gold:   216        SH:  9    Dex: 14    Spells: 6/6 levels left

rFire    . . .     SeeInvis .   l - +2 whip (flame)
rCold    . . .     Gourm    .   c - +0 shield
rNeg     . . .     Faith    .   b - +0 scale mail
rPois    .         Spirit   .   (helmet restricted)
rElec    .         Reflect  .   s - +0 cloak
rCorr    .         Harm     .   (no gloves)
MR       .....                  (no boots)
Stlth    ..........             (no amulet)
HPRegen  0.18/turn              (no ring)
MPRegen  0.10/turn              (no ring)

@: no status effects
A: antennae 1, thin metallic scales 1, spiny 1, rot immunity
a: no special abilities


You were on level 7 of the Dungeon.
You were not hungry.

You visited 1 branch of the dungeon, and saw 6 of its levels.

You collected 216 gold pieces.

Inventory:

Hand Weapons
 l - a +2 whip of flaming (weapon)
Armour
 b - a +0 scale mail (worn)
 c - a +0 shield (worn)
 s - a +0 cloak (worn)
Jewellery
 q - an uncursed ring of stealth {unknown}
Scrolls
 a - 4 scrolls of remove curse {unknown}
 h - 6 scrolls of teleportation {unknown}
 i - a scroll of noise {unknown}
 j - 3 scrolls of amnesia {unknown}
 k - 3 scrolls of enchant weapon {unknown}
 m - 3 scrolls of blinking {unknown}
 o - a scroll of identify {unknown}
 t - a scroll of enchant armour {unknown}
Potions
 d - a potion of might
 e - 3 potions of heal wounds {unknown}
 g - a potion of invisibility {unknown}
 n - a potion of curing {unknown}
 p - a potion of mutation {unknown}
 r - a potion of berserk rage {unknown}
 v - 2 potions of cancellation {unknown}
 w - a potion of agility {unknown}
Comestibles
 f - 11 rations
 u - 7 chunks of flesh


   Skills:
 + Level 5.1 Fighting
   Level 1.7 Short Blades
 + Level 4.7 Armour
 + Level 3.5 Dodging
 + Level 4.6 Shields


You had 6 spell levels left.
You didn't know any spells.
Your spell library contained the following spells:

 Spells                   Type           Power        Failure   Level  Hunger
 Freeze                   Ice            #...         99%         1    ##.....
 Throw Frost              Conj/Ice       #.....       100%        2    ###....
 Ozocubu's Armour         Chrm/Ice       #.......     100%        3    ####...
 Summon Ice Beast         Ice/Summ       #.......     100%        4    #####..
 Throw Icicle             Conj/Ice       #.......     100%        4    #####..


Dungeon Overview and Level Annotations

Branches:
Dungeon (5/15)
 Temple: D:4-7

Altars:
Okawaru
Trog

Annotations:
D:3 2 runed translucent doors, Jyms's ghost, amateur OgWz
D:4 3 runed translucent doors, SkaryMonk's ghost, amateur OpSu


Innate Abilities, Weirdness & Mutations

You have a pair of small antennae on your head.
You are partially covered in thin metallic scales. (AC +2)
You are partially covered in sharp spines.
You are immune to rotting.


Message History

Your scale mail prevents you from hitting the orc warrior.
An orc comes into view. It is wielding a +0 trident.
The orc warrior hits you with a +0 long sword!
You hit the orc warrior. You burn the orc warrior.
The orc warrior is moderately wounded.
An orc comes into view. It is wielding a +0 club.
The orc warrior hits you with a +0 long sword!
A goblin comes into view. It is wielding a +0 spear.
You are too injured to fight recklessly!
You are too injured to fight recklessly!
You are too injured to fight recklessly!
You closely miss the orc warrior.
The orc warrior is moderately wounded.
The orc shouts!
The orc warrior hits you with a +0 long sword!
* * * LOW HITPOINT WARNING * * *
You hit the orc warrior. You burn the orc warrior.
The orc warrior is moderately wounded.
The orc warrior hits you with a +0 long sword!
You die...

### ######.+
...##.# #.##.#
. # #.o@.#
....#.###g#.##
..........#.#
≈≈≈≈.######o#
.## #o# #>.
..# #.# #.#


You could see an orc warrior, 2 orcs and a goblin.

Vanquished Creatures
  A sky beast (D:2)
  An ogre (D:5)
  A bullfrog (D:7)
  2 scorpions
  A crimson imp (D:5)
  A jelly (D:5)
  2 orc wizards (D:5)
  3 worker ants (D:4)
  Robin (D:4)
  6 gnolls (D:3)
  5 adders
  2 oozes
  A dart slug (D:2)
  3 worms
  A leopard gecko (D:3)
  8 orcs
  6 giant cockroaches
  17 goblins
  5 hobgoblins
  7 jackals
  15 kobolds
  2 quokkas
  8 bats (D:1)
  6 frilled lizards
  A quokka zombie (D:7)
  4 rats
110 creatures vanquished.

Vanquished Creatures (others)
  A wizard (D:4)
  A fungus (D:4)
  3 plants (D:4)
5 creatures vanquished.

Grand Total: 115 creatures vanquished

Notes
Turn   | Place    | Note
-------+----------+-------------------------------------------
     0 | D:1      | Gynju the Demonspawn Fighter began the quest for the Orb.
     0 | D:1      | Reached XP level 1. HP: 18/18 MP: 1/1
   233 | D:1      | Gained mutation: You are partially covered in sharp spines.
                  | [demonic ancestry]
   233 | D:1      | Reached XP level 2. HP: 21/24 MP: 2/2
   666 | D:1      | Reached skill level 1 in Dodging
   676 | D:2      | Gained mutation: You have a pair of small antennae on your
                  | head. [demonic ancestry]
   676 | D:2      | Reached XP level 3. HP: 26/29 MP: 3/3
   681 | D:2      | Found an iron altar of Okawaru.
   985 | D:2      | Found a faded altar of an unknown god.
  1308 | D:2      | Gained mutation: You are partially covered in thin metallic
                  | scales. (AC +2) [demonic ancestry]
  1308 | D:2      | Reached XP level 4. HP: 25/35 MP: 4/4
  1571 | D:3      | Noticed a sky beast
  1739 | D:2      | Killed a sky beast
  1739 | D:2      | Reached skill level 4 in Fighting
  1739 | D:2      | Reached XP level 5. HP: 36/42 MP: 5/5
  1898 | D:3      | Gained mutation: You are immune to rotting. [demonic
                  | ancestry]
  1898 | D:3      | Reached XP level 6. HP: 48/48 MP: 6/6
  1912 | D:3      | Found a runed translucent door.
  1917 | D:3      | Noticed Jyms's ghost (amateur OgWz)
  2191 | D:3      | Found a runed translucent door.
  2790 | D:4      | Found a runed translucent gate.
  2791 | D:4      | Noticed SkaryMonk's ghost (amateur OpSu)
  2792 | D:4      | Found a runed translucent gate.
  2792 | D:4      | Found a runed translucent gate.
  3072 | D:4      | Found a bloodstained altar of Trog.
  3073 | D:4      | Noticed a wizard
  3078 | D:4      | Killed a wizard
  3141 | D:4      | Identified the +5 short sword of Anxiety {chaos, Int+3}
  3148 | D:4      | Noticed Robin
  3165 | D:4      | Killed Robin
  3220 | D:5      | Entered Level 5 of the Dungeon
  3220 | D:5      | Found an iron altar of Okawaru.
  3394 | D:5      | Reached XP level 7. HP: 25/55 MP: 7/7
  3697 | D:5      | Reached skill level 5 in Fighting
  3791 | D:5      | You fall into a shaft and drop 2 floors!
  3814 | D:7      | Slain by an orc warrior

Levels and vault maps discovered:
D:1:      minmay_arrival_widening_spiral_wide, layout_rooms, serial_glass,
          glass_columns_b, glass_columns_a, minmay_misc_feat_iff
D:2:      layout_loops_ring, chequers_ecumenical_altar_island, okawaru_trees_1
D:3:      layout_basic, first_ration, ebering_ghost_sewer_f
D:4:      layout_loops_ring, gammafunk_ghost_nasty_kobolds, trog_wizard,
          uniq_robin
D:5:      layout_loops_cross, overflow_temple_1_default, minivault_26
D:7:      minmay_chambers_of_sixes, layout_loops_cross, enter_bailey_3,
          grunt_ogre_cave, minmay_holes

Skill      XL: |  1  2  3  4  5  6  7 |
---------------+----------------------+-----
Armour         | 3 4 |  4.7
Dodging        | 1 2 3 |  3.5
Shields        | 3 4 |  4.6
Fighting       | 4 5 |  5.1
Short Blades   | |  1.7

Action                   |  1- 3 |  4- 6 |  7- 9 || total
-------------------------+-------+-------+-------++-------
Melee: Rapier            |    36 |       |       ||    36
       Short sword       |    41 |       |       ||    41
       Whip              |    46 |   135 |    52 ||   233
  Eat: Chunk             |     1 |     7 |     2 ||    10
Armor: Scale mail        |    48 |    62 |    10 ||   120
Dodge: Dodged            |    35 |    42 |    14 ||    91
Block: Shield            |    71 |    67 |    29 ||   167

Table legend:
 A = Non-vault XP
 B = Vault XP
 C = Vault XP percentage of total XP
 D = Non-vault monster count
 E = Vault monster count
 F = Vault count percentage of total count
                 A         B        C        D         E       F
            +---------+---------+-------+---------+---------+-------
      Total |    1065 |      33 |   3.0 |     100 |      10 |   9.1
            +---------+---------+-------+---------+---------+-------
        D:1 |      36 |       0 |   0.0 |      21 |       0 |   0.0
        D:2 |     230 |       0 |   0.0 |      32 |       0 |   0.0
        D:3 |     127 |       0 |   0.0 |      20 |       0 |   0.0
        D:4 |     193 |      33 |  14.6 |      11 |      10 |  47.6
        D:5 |     385 |       0 |   0.0 |      14 |       0 |   0.0
        D:7 |      94 |       0 |   0.0 |       2 |       0 |   0.0
            +---------+---------+-------+---------+---------+-------
